 Dungeon Crawl Stone Soup version 0.17.0 (webtiles) character file.

224 KINGKRU the Covered (level 5, -1/47 HPs)
             Began as a Minotaur Fighter on Nov 21, 2015.
             Killed by nerve-wracking pain
             ... invoked by Jessica
              (5 damage)
             ... on level 3 of the Dungeon.
             The game lasted 00:07:45 (2134 turns).

KINGKRU the Covered (Minotaur Fighter)              Turns: 2134, Time: 00:07:45

Health: -1/47      AC:  7    Str: 21    XL:     5   Next: 67%
Magic:  4/4        EV:  3    Int:  5    God:
Gold:   183        SH: 10    Dex: 10    Spells: 0 memorised, 4 levels left

rFire  . . .     SeeInvis .     a - +0 war axe
rCold  . . .     Clarity  .     b - +0 scale mail
rNeg   + . .     SustAt   .     c - +0 shield
rPois  .         Gourm    .     (helmet restricted)
rElec  .         Spirit   .     (no cloak)
rCorr  .         Warding  .     (no gloves)
rMut   .         Stasis   .     (no boots)
MR     .....                    (no amulet)
Stlth  ..........               (no ring)
                                h - ring of positive energy

@: not resistant to hostile enchantments, extremely unstealthy
A: retaliatory headbutt, horns 2
a: no special abilities


You were on level 3 of the Dungeon.
You were not hungry.

You visited 1 branch of the dungeon, and saw 3 of its levels.

You collected 183 gold pieces.

Inventory:

Hand Weapons
 a - a +0 war axe (weapon)
 j - a +6 short sword
Armour
 b - a +0 scale mail (worn)
 c - a +0 shield (worn)
Jewellery
 h - a ring of positive energy (left hand)
 n - an uncursed ring of sustain attributes {unknown}
Wands
 u - a wand of flame (16)
Scrolls
 l - a scroll of immolation {unknown}
 o - a scroll of magic mapping {unknown}
 s - a scroll of random uselessness {unknown}
 t - a scroll of amnesia {unknown}
 w - a scroll of enchant weapon {unknown}
Potions
 d - a potion of might
 f - a potion of lignification {unknown}
 g - a potion of haste
 p - a potion of degeneration {unknown}
 q - a potion of invisibility {unknown}
 r - a potion of heal wounds {unknown}
 v - a potion of cure mutation {unknown}
 x - a potion of agility {unknown}
Comestibles
 e - 3 bread rations
 m - 2 meat rations


   Skills:
 + Level 4.9 Fighting
 + Level 3.2 Axes
 + Level 5.0 Armour
 + Level 1.8 Dodging
 + Level 5.0 Shields


You had 4 spell levels left.
You didn't know any spells.

Dungeon Overview and Level Annotations

Branches:
Dungeon (3/15)

Altars:
Ashenzari
Ru
Trog

Annotations:
D:3 Jessica


Innate Abilities, Weirdness & Mutations

You reflexively headbutt those who attack you in melee.
You have a pair of horns on your head.


Message History

Jessica zaps a wand.
The magic dart hits you!
Things that are here:
an uncursed club; an uncursed hunting sling; 12 stones Jessica points at you and mumbles some strange words.
Pain shoots through your body!
Jessica points at you and mumbles some strange words.
You barely resist.
You see here a stone.
Jessica zaps a wand.
The magic dart hits you!
You see here a stone.
Jessica zaps a wand.
The magic dart hits you!
* * * LOW HITPOINT WARNING * * *
You see here a stone.
Jessica grins evilly.
Jessica zaps a wand.
The magic dart hits you!
* * * LOW HITPOINT WARNING * * *
There is a stone staircase leading up, spattered with blood here.
Jessica points at you and mumbles some strange words.
Pain shoots through your body!
You die...

#.#.#.....######.##.#
#.#...............#.#
#.###......##.#.#.#
#........####.#...#
#######...# #.....# ....g
..........####.##..# #...
.....##.........#..# ##...
............##..#..# .... .
###+##...##.@..@##># #..# ..
.##......##(.#### #..###...
#...........(...#
####g@....#.
#######.....#.#(####
#.##.....S.. ..# ##.##.....#
#.###@##....
########.##.#..)# #()@)g# ..
#.....##.##.#...######.#####
#...............((...g.#
#.###.##.##.#.##########


You could see Jessica.

Vanquished Creatures
  An orc priest (D:3)
  Ijyb (D:2)
  Natasha (thrice) (D:3)
  Robin (D:3)
  3 adders (D:3)
  An ooze (D:1)
  2 worms (D:2)
  2 giant geckos
  8 orcs (D:3)
  7 bats
  3 giant cockroaches
  10 hobgoblins
  3 jackals (D:1)
  7 kobolds
  A quokka (D:2)
  A ball python (D:1)
  3 giant newts
  15 goblins
  3 rats (D:2)
75 creatures vanquished.

Notes
Turn   | Place    | Note
--------------------------------------------------------------
     0 | D:1      | KINGKRU the Minotaur Fighter began the quest for the Orb.
     0 | D:1      | Reached XP level 1. HP: 19/19 MP: 0/0
    33 | D:1      | Reached XP level 2. HP: 20/27 MP: 1/1
    36 | D:1      | Reached skill level 4 in Shields
   342 | D:1      | Reached XP level 3. HP: 33/33 MP: 2/2
   592 | D:2      | Noticed Ijyb
   638 | D:2      | Killed Ijyb
   807 | D:2      | Reached XP level 4. HP: 37/41 MP: 3/3
  1307 | D:2      | Found a sacrificial altar of Ru.
  1308 | D:2      | Found a bloodstained altar of Trog.
  1310 | D:2      | Found a shattered altar of Ashenzari.
  1570 | D:3      | Noticed Natasha
  1581 | D:3      | Killed Natasha
  1622 | D:3      | Noticed Natasha
  1632 | D:3      | Killed Natasha
  1632 | D:3      | Reached skill level 1 in Dodging
  1675 | D:3      | Reached XP level 5. HP: 42/47 MP: 4/4
  1680 | D:3      | Noticed Natasha
  1681 | D:3      | Killed Natasha
  1828 | D:3      | Noticed Robin
  1843 | D:3      | Noticed Jessica
  1859 | D:3      | Killed Robin
  1859 | D:3      | Reached skill level 5 in Armour
  1863 | D:3      | Reached skill level 5 in Shields
  2134 | D:3      | Killed from afar by Jessica

Action                   |  1- 3 |  4- 6 || total
-------------------------+-------+-------++-------
Melee: War axe           |    82 |   120 ||   202
  Use: Scroll            |     2 |     1 ||     3
       Potion            |       |     1 ||     1
  Eat: Fruit             |       |     4 ||     4
       Beef jerky        |       |     1 ||     1
